 Dungeon Crawl Stone Soup version 0.31-a0-210-gccc998df9b (webtiles) character file.

Game seed: 4135161124495002443

76 qw the Shooter (level 4, 0/36 HPs)
             Began as a Minotaur Hexslinger on June 30, 2023.
             Killed by divine providence
             ... invoked by an orc priest
              (17 damage)
             ... on level 2 of the Dungeon.
             The game lasted 00:00:35 (1179 turns).

qw the Shooter (Minotaur Hexslinger)                Turns: 1179, Time: 00:00:35

Health: 0/36       AC:  2    Str: 12    XL:     4   Next: 12%
Magic:  4/4        EV: 12    Int: 10    God:
Gold:   66         SH:  0    Dex: 15    Spells: 4/5 levels left

rFire   . . .        Y - +1 sling
rCold   . . .        (no shield)
rNeg    . . .        c - +0 robe
rPois   .            (helmet restricted)
rElec   .            (no cloak)
rCorr   .            (no gloves)
SInv    .            (no boots)
Will    .....        (no amulet)
Stlth   +            (no ring)
HPRegen 0.26/turn    (no ring)
MPRegen 0.09/turn

%: no passive effects
@: no status effects
A: horns 2, retaliatory headbutt
a: no special abilities


You were on level 2 of the Dungeon.
You visited 1 branch of the dungeon, and saw 2 of its levels.

You collected 66 gold pieces.


Innate Abilities, Weirdness & Mutations

You have a pair of horns on your head.
You reflexively headbutt those who attack you in melee.


   Skills:
 - Level 2.0 Fighting
 + Level 4.6 Ranged Weapons
 - Level 2.1 Dodging
 - Level 1.0 Spellcasting
 - Level 2.0 Hexes


You had 4 spell levels left.
You knew the following spells:

 Your Spells              Type           Power      Damage    Failure   Level
a - Slow                  Hex            16%        N/A       16%         1

Your spell library contained the following spells:

 Spells                   Type           Power      Damage    Failure   Level
 Inner Flame              Hex/Fire       2%         N/A       56%         3
 Portal Projectile        Hex/Tloc       4%         N/A       56%         3
 Cause Fear               Hex            2%         N/A       83%         4

Inventory:

Hand Weapons
 Y - a +1 sling (weapon)
Armour
 c - a +0 robe (worn)
 d - a +0 leather armour
Scrolls
 g - a scroll of identify {unknown}
Potions
 a - a potion of haste {unknown}
 b - a potion of might {unknown}
 f - a potion of mutation {unknown}

Dungeon Overview and Level Annotations

Branches:
Dungeon (2/15)

Altars:


Message History

You shoot a sling bullet.
The sling bullet barely misses the orc wizard.
An orc priest comes into view. It is wielding a +0 war axe.
The orc wizard gestures at you while chanting.
You are confused.
1173 ||| DRINKING potion of curing.
You feel better.
1173 ||| (to cure confusion)
The orc wizard points at you and mumbles some strange words.
The magic dart hits you!
You shoot a sling bullet. The sling bullet misses the orc wizard.
The sling bullet hits the orc.
The orc is heavily wounded.
An orc comes into view. It is wielding a +0 dagger.
An orc comes into view. It is wielding a +0 mace.
The orc wizard hits you with a +0 dagger. x2
The orc moves out of view.
You shoot a sling bullet. The sling bullet hits the orc.
The orc is almost dead.
The orc wizard closely misses you. The orc barely misses you.
The orc priest looks braver for a moment.
You shoot a sling bullet.
The sling bullet completely misses the orc.
The orc shouts!
The orc barely misses you.
The orc wizard hits you with a +0 dagger.
You shoot a sling bullet.
The sling bullet hits the orc but does no damage.
The orc is almost dead.
The orc hits you with a +0 flail.
You shoot a sling bullet.
The sling bullet hits the orc but does no damage.
The orc is almost dead.
The orc completely misses you.
The orc wizard hits you with a +0 dagger.
You shoot a sling bullet.
The sling bullet closely misses the orc.
The orc hits you with a +0 flail.
The orc priest calls down the wrath of Beogh upon you.
Beogh smites you!
You die...

........#7#..##
#........#.######### #
##.#.....#.......... #
###..#)....######## ###
#.#...####.### #..
#.....####...##### #.###.#
###......#....%..### #......
###.........%o.).## #......
####......#....@ooo.# #######
#.............##o...... #
##........###... ...###. .####
#....................> ....#
.%.......#..#.<.....### .......
.........##.......... ........
.........######..........>.......
.................................
^.........###...(.<.............#


You could see an orc priest, an orc wizard and 3 orcs.

Vanquished Creatures
  An adder (D:2)
  2 worms (D:2)
  4 dart slugs (D:1)
  An orc (D:2)
  3 ball pythons
  6 endoplasms
  2 giant cockroaches
  8 goblins
  5 hobgoblins
  3 quokkas
  7 bats
  4 frilled lizards
  2 rats (D:2)
48 creatures vanquished.

Notes
Turn   | Place    | Note
-------+----------+-------------------------------------------
     0 | D:1      | qw the Minotaur Hexslinger began the quest for the Orb.
     0 | D:1      | Reached XP level 1. HP: 16/16 MP: 1/1
     0 | D:1      | 0 ||| qw: Version: 0.3-a-26-gee661ec
     0 | D:1      | 0 ||| qw: Game counter: 7304
     0 | D:1      | 0 ||| qw: Melee chars always use a shield: true
     0 | D:1      | 0 ||| qw: God list: Okawaru
     0 | D:1      | 0 ||| qw: Allow faded altars: false
     0 | D:1      | 0 ||| qw: Do Orc after clearing Dungeon:15 true
     0 | D:1      | 0 ||| qw: Do second Lair branch before Depths: true
     0 | D:1      | 0 ||| qw: Lair rune preference: random
     0 | D:1      | 0 ||| qw: Goals: Normal
     0 | D:1      | 0 ||| PLANNING D:1-11
   131 | D:1      | Reached skill level 3 in Ranged Weapons
   131 | D:1      | Reached XP level 2. HP: 23/23 MP: 2/2
   424 | D:1      | Reached XP level 3. HP: 27/29 MP: 3/3
   911 | D:1      | 911 ||| READING scroll labelled XUINUI KAINO.
   912 | D:1      | 912 ||| DRINKING 2 brown potions.
   913 | D:1      | 913 ||| DROPPING scroll of poison.
   936 | D:2      | Reached skill level 4 in Ranged Weapons
   976 | D:2      | Found a faded altar of an unknown god.
   976 | D:2      | Noticed a blizzard demon
  1065 | D:2      | Reached XP level 4. HP: 36/36 MP: 4/4
  1173 | D:2      | 1173 ||| DRINKING potion of curing.
  1173 | D:2      | 1173 ||| (to cure confusion)
  1179 | D:2      | Killed from afar by an orc priest

Levels and vault maps discovered:
D:1:      wander_arrival_peaceful_grave, layout_basic, st_stairs_3
D:2:      layout_rooms, dreamdust_ecumenical_altar_sealed_demon,
          grunt_ministairs_11, kennysheep_doodads

Skill      XL: |  1  2  3 |
---------------+----------+-----
Ranged Weapons | 3 4 |  4.6
Fighting       | 2 |  2.0
Dodging        | |  2.1
Spellcasting   | |  1.0
Hexes          | |  2.0

Action                     |  1- 3 |  4- 6 || total
---------------------------+-------+-------++-------
   Fire: Sling             |   127 |    30 ||   157
    Use: Potion            |     1 |     1 ||     2
         Scroll            |     1 |       ||     1
 Armour: Robe              |     5 |       ||     5
  Dodge: Dodged            |    20 |     6 ||    26

Table legend:
 A = Non-vault XP
 B = Vault XP
 C = Vault XP percentage of total XP
 D = Non-vault monster count
 E = Vault monster count
 F = Vault count percentage of total count
                 A         B        C        D         E       F
            +---------+---------+-------+---------+---------+-------
      Total |     103 |       6 |   5.5 |      45 |       3 |   6.2
            +---------+---------+-------+---------+---------+-------
        D:1 |      54 |       6 |  10.0 |      26 |       3 |  10.3
        D:2 |      49 |       0 |   0.0 |      19 |       0 |   0.0
            +---------+---------+-------+---------+---------+-------
